AoeStats
← Frank

Arena

509199871Analyzed
3v3 RM · 8d ago on Sep 25, 2026· 31m 7s· 6 players
Game mode
Random Map
Map size
Normal (6 player)
Population
200
Speed
Normal
Resources
Standard
Victory
Conquest
Starting age
Dark Age
Ending age
Imperial Age
RankedLock teamsTeams togetherTeam positionsShared explorationLock speedFull tech treeHidden civsTurbo modeCheats
Victory
Defeat
🇪🇸 Saxons · Spain
1010
+13
🇪🇸 Spanish · Spain
1006
+14
939
+16
🇬🇧 Spanish · United Kingdom
971
-15
🇬🇧 Franks · United Kingdom
968
-15
🇧🇴 Huns · Bolivia
911
-38
Señor Lobo
3:39 Loom
12:29 Feudal Age
15:54 Castle Age
16:32 Fletching
16:40 Double-Bit Axe
17:27 Murder Holes
20:25 Bodkin Arrow
26:41 Town Watch
32:25 Imperial Age
31:12 Bow Saw
30:43 Horse Collar
Enrique de las Morenas y Fossi
3:25 Loom
11:36 Feudal Age
16:11 Castle Age
16:03 Double-Bit Axe
15:59 Horse Collar
22:53 Fortified Wall
27:12 Wheelbarrow
27:45 Elite Skirmisher
32:37 Imperial Age
30:23 Hand Cart
Joaquín Espartero
1:11 Loom
12:51 Feudal Age
13:49 Double-Bit Axe
16:32 Castle Age
14:40 Stone Mining
15:07 Horse Collar
16:10 Gold Mining
18:35 Heavy Plow
18:53 Bow Saw
25:03 Padded Archer Armor
24:54 Fletching
Fontleroy
10:59 Feudal Age
14:59 Castle Age
14:57 Horse Collar
15:04 Double-Bit Axe
15:19 Loom
19:03 Fletching
28:47 Imperial Age
29:31 Padded Archer Armor
31:00 Leather Archer Armor
Frank
11:51 Feudal Age
16:26 Castle Age
15:40 Double-Bit Axe
Marisol
0:33 Loom
10:06 Feudal Age
11:50 Wheelbarrow
10:57 Horse Collar
11:05 Double-Bit Axe
12:12 Town Watch
12:24 Gold Mining
20:05 Castle Age
21:53 Hand Cart
22:17 Bow Saw
25:14 Heavy Plow
25:22 Padded Archer Armor
25:13 Fletching
25:41 Stone Mining
25:19 Elite Skirmisher
26:33 Husbandry
Connection lost

Rejoining the realm…

Still unreachable

The connection could not be restored.

Session expired

The server has moved on; the page needs a fresh start.